 Dungeon Crawl Stone Soup version 0.29.1-2-gbd0b4ee654 (webtiles) character file.

Game seed: 6837013463524677240

7490 safid the Marksminotaur (level 10, -19/88 HPs)
             Began as a Minotaur Hunter on Nov 18, 2022.
             Was an Elder of Okawaru.
             Demolished by a two-headed ogre
             ... wielding a +0 giant club
              (35 damage)
             ... on level 10 of the Dungeon.
             The game lasted 00:21:01 (11993 turns).

safid the Marksminotaur (Minotaur Hunter)          Turns: 11993, Time: 00:21:02

Health: -19/88     AC:  6    Str: 16    XL:     10   Next: 95%
Magic:  0/13       EV: 13    Int:  6    God:    Okawaru [****..]
Gold:   222        SH:  0    Dex: 24    Spells: 9/9 levels left

rFire   . . .      SeeInvis .   a - +0 shortbow
rCold   . . .      Faith    .   (shield currently unavailable)
rNeg    . . .      Spirit   +   y - +0 troll leather armour
rPois   +          Reflect  .   (helmet restricted)
rElec   .          Harm     .   n - +0 cloak {rCorr}
rCorr   +          Rampage  .   i - +0 pair of gloves
Will    .....                   (no boots)
Stlth   ++........              h - amulet of guardian spirit
HPRegen 1.04/turn               u - ring of poison resistance
MPRegen 0.13/turn               z - +6 ring of dexterity

@: lethally poisoned (-19 -> -19), about to teleport
A: horns 2, retaliatory headbutt
a: Renounce Religion, Heroism, Finesse


You were on level 10 of the Dungeon.
You worshipped Okawaru.
Okawaru was greatly pleased with you.
You visited 2 branches of the dungeon, and saw 11 of its levels.

You collected 536 gold pieces.
You spent 314 gold pieces at shops.

Inventory:

Hand Weapons
 a - a +0 shortbow (weapon)
Missiles
 q - 3 throwing nets
Armour
 i - a +0 pair of gloves (worn)
 n - a +0 cloak of preservation (worn)
 x - a +0 pair of gloves
 y - a +0 troll leather armour (worn)
Jewellery
 h - an amulet of guardian spirit (around neck)
 u - a ring of poison resistance (left hand)
 z - a +6 ring of dexterity (right hand)
 G - an amulet of faith
Wands
 g - a wand of flame (10)
 t - a wand of mindburst (44)
 D - a wand of iceblast (2)
 E - a wand of digging (4)
 F - a wand of polymorph (3)
Scrolls
 e - 4 scrolls of teleportation
 f - 3 scrolls of enchant weapon
 o - 2 scrolls of enchant armour
 p - 2 scrolls of fear {unknown}
 s - a scroll of amnesia {unknown}
 v - a scroll of magic mapping
 A - 2 scrolls of blinking {unknown}
 B - a scroll of poison
Potions
 b - 2 potions of might {unknown}
 c - a potion of attraction {unknown}
 d - a potion of haste {unknown}
 j - a potion of flight {unknown}
 k - 2 potions of degeneration {unknown}
 l - 2 potions of lignification
 m - 3 potions of mutation {unknown}
 r - 2 potions of resistance {unknown}
 w - 2 potions of berserk rage {unknown}
 C - a potion of curing


   Skills:
 - Level 8.0 Fighting
 - Level 16.0 Ranged Weapons
 - Level 2.1 Dodging
 - Level 0.7 Stealth
 + Level 6.1 Invocations


You had 9 spell levels left.
You didn't know any spells.
Your spell library contained the following spells:

 Spells                   Type           Power      Damage    Failure   Level
 Beastly Appendage        Tmut           0%         N/A       52%         1
 Sting                    Tmut/Pois      0%         1d3       52%         1
 Ensorcelled Hibernation  Hex/Ice        0%         N/A       67%         2
 Passwall                 Tmut/Erth      0%         N/A       67%         2
 Poisonous Vapours        Pois/Air       0%         N/A       67%         2
 Static Discharge         Conj/Air       0%         3-3/arc   67%         2
 Wereblood                Tmut           0%         N/A       67%         2
 Frozen Ramparts          Ice            0%         1d1       88%         3
 Spider Form              Tmut/Pois      0%         N/A       88%         3
 Swiftness                Air            0%         N/A       88%         3
 Ice Form                 Ice/Tmut       0%         N/A       99%         4
 Olgreb's Toxic Radiance  Pois           0%         N/A       99%         4
 Lightning Bolt           Conj/Air       0%         1d11      100%        5
 Maxwell's Capacitive Co  Air            0%         ∞         100%        8
 Summon Ice Beast         Ice/Summ       Unusable   N/A       N/A         4

Dungeon Overview and Level Annotations

Branches:
Dungeon (10/15)            Temple (1/1) D:6
   Lair: D:8-11         Orc: D:9-12

Altars:
Cheibriados
Dithmenos
Elyvilon
Fedhas
Gozag
Hepliaklqana
Kikubaaqudgha
Makhleb
Nemelex Xobeh
Okawaru
Qazlal
Ru
Sif Muna
Trog
Uskayaw
Vehumet
Wu Jian
Xom
Yredelemnul
The Shining One

Shops:
D:5 :[!   D:7 [

Annotations:
D:5 2 transporters, sigtrap's ghost, amateur SpAr
D:7 2 transporters, Menkaure


Innate Abilities, Weirdness & Mutations

You have a pair of horns on your head.
You reflexively headbutt those who attack you in melee.


Message History

You are more poisoned.
The killer bee poisons you! The killer bee stings you.
You shoot an arrow. The arrow barely misses the killer bee.
The arrow hits the two-headed ogre.
The two-headed ogre is moderately wounded.
You feel sick. The killer bee stings you. x2
Unknown command.
You shoot an arrow. The arrow hits the killer bee!
You kill the killer bee!
Okawaru accepts your kill.
You feel very sick. The killer bee stings you.
The killer bee completely misses you.
Unknown command.
You are too injured to fight recklessly!
Unknown command.
Unknown command.
Fire: a) +0 shortbow
Press: ? - help, Q - select action, (/) - cycle Shift-Dir - straight line, f - two-headed ogre
Aim: a two-headed ogre, wielding two +0 giant clubs (moderately wounded, 83% to hit)
You shoot an arrow.
The arrow hits the two-headed ogre but does no damage.
The two-headed ogre is moderately wounded.
You feel sick. The killer bee stings you.
Fire: a) +0 shortbow
Press: ? - help, Q - select action, (/) - cycle Shift-Dir - straight line, f/p - two-headed ogre
Aim: a two-headed ogre, wielding two +0 giant clubs (moderately wounded, 83% to hit)
You shoot an arrow. The arrow hits the two-headed ogre.
The two-headed ogre is moderately wounded.
You feel sick. The killer bee stings you.
The two-headed ogre closely misses you.
The two-headed ogre hits you with a +0 giant club!!
* * * LOW HITPOINT WARNING * * *
The killer bee barely misses you.
As you read the scroll of teleportation, it crumbles to dust.
You feel strangely unstable.
You feel sick. The killer bee barely misses you. You furiously retaliate!
You headbutt the killer bee!
The killer bee stings you but does no damage.
The two-headed ogre attacks as you move away!
The two-headed ogre hits you with a +0 giant club!!!
You die...

..# ......# ##.. #.#
......# ##. #.## ....
#. #..# #. #..### #
## ##....### .# #
##..#....### ##...
##..####....####.....
#..## ####.@yy..# #
#..# ###O.#####. ..#
#.## ##y....... ...
####.# #.........
##...## #.........
....## #.........
....# #.........
...## #......... ...#
#......y..


You could see a two-headed ogre and 3 killer bees.

Vanquished Creatures
  Harold (D:9)
  2 trolls
  2 wyverns (D:9)
  15 yaks
  2 steam dragons
  7 water moccasins
  A black bear (D:5)
  2 ice beasts (D:6)
  2 orc warriors
  3 centaurs
  3 kobold brigands
  A bullfrog (D:9)
  5 scorpions
  2 necrophages
  2 gnoll sergeants
  3 wights (D:8)
  12 killer bees
  2 howler monkeys (D:9)
  5 hounds
  A jelly (D:6)
  3 orc priests (D:6)
  3 iguanas
  7 orc wizards
  6 gnolls
  8 adders
  4 shadow imps
  A white imp (D:7)
  2 worms (D:2)
  3 dart slugs
  30 orcs
  8 ball pythons
  9 bats
  4 endoplasms
  5 giant cockroaches
  4 goblins
  6 hobgoblins
  5 jackals
  22 kobolds
  2 quokkas
  2 frilled lizards (D:1)
  5 rats
212 creatures vanquished.

Vanquished Creatures (others)
  3 plants (D:1)
3 creatures vanquished.

Grand Total: 215 creatures vanquished

Notes
Turn   | Place    | Note
-------+----------+-------------------------------------------
     0 | D:1      | safid the Minotaur Hunter began the quest for the Orb.
     0 | D:1      | Reached XP level 1. HP: 18/18 MP: 0/0
   202 | D:1      | Reached XP level 2. HP: 25/25 MP: 1/1
   335 | D:1      | Found a faded altar of an unknown god.
   557 | D:1      | Reached skill level 5 in Ranged Weapons
   557 | D:1      | Reached XP level 3. HP: 31/31 MP: 2/2
  1240 | D:2      | Reached XP level 4. HP: 40/40 MP: 3/3
  1741 | D:3      | Found a white marble altar of Elyvilon.
  1973 | D:3      | Reached XP level 5. HP: 47/47 MP: 4/4
  2739 | D:4      | Reached skill level 5 in Fighting
  2739 | D:4      | Reached skill level 6 in Ranged Weapons
  2767 | D:4      | Found a blossoming altar of Fedhas.
  3052 | D:4      | Reached XP level 6. HP: 6/57 MP: 2/5
  3873 | D:5      | Entered Level 5 of the Dungeon
  4224 | D:5      | Found Ohilirur's Distillery.
  4231 | D:5      | Bought a potion of curing for 45 gold pieces
  4231 | D:5      | Bought a potion of curing for 45 gold pieces
  4231 | D:5      | Bought a potion of heal wounds for 75 gold pieces
  4336 | D:5      | Reached skill level 7 in Ranged Weapons
  4372 | D:5      | Noticed a water moccasin
  4377 | D:5      | Killed a water moccasin
  4378 | D:5      | Reached XP level 7. HP: 46/64 MP: 6/6
  4952 | D:5      | Found a transporter.
  5094 | D:5      | Found a transporter.
  5097 | D:5      | Noticed sigtrap's ghost (amateur SpAr)
  5630 | D:5      | Found a shimmering blue altar of Sif Muna.
  5638 | D:5      | Found a burning altar of Makhleb.
  5674 | D:5      | Found Jedeeg's Armour Emporium.
  5683 | D:5      | Found Icsa Usi's Book Emporium.
  5802 | D:5      | Reached skill level 8 in Ranged Weapons
  6290 | D:6      | Reached XP level 8. HP: 73/74 MP: 7/7
  6304 | D:6      | Reached skill level 9 in Ranged Weapons
  6548 | D:6      | Noticed a troll
  6558 | D:6      | Killed a troll
  6559 | D:6      | Reached skill level 10 in Ranged Weapons
  6803 | D:5      | Reached skill level 11 in Ranged Weapons
  7111 | D:6      | Reached XP level 9. HP: 59/81 MP: 5/8
  7325 | D:6      | Reached skill level 12 in Ranged Weapons
  7595 | D:6      | Found a staircase to the Ecumenical Temple.
  7730 | Temple   | Entered the Ecumenical Temple
  7735 | Temple   | Became a worshipper of Warmaster Okawaru
  8226 | D:7      | Found a basalt altar of Yredelemnul.
  8228 | D:7      | Found a transporter.
  8352 | D:7      | Found Zughe's Armour Emporium.
  8364 | D:7      | Bought a +0 cloak of preservation for 149 gold pieces
  8381 | D:7      | Found a shadowy altar of Dithmenos.
  8418 | D:7      | Found a radiant altar of Vehumet.
  8509 | D:7      | Reached skill level 13 in Ranged Weapons
  8837 | D:7      | Reached * piety under Okawaru
  8843 | D:7      | Reached skill level 14 in Ranged Weapons
  9037 | D:7      | Noticed Menkaure
  9039 | D:7      | Found an ancient bone altar of Kikubaaqudgha.
  9055 | D:7      | Found a transporter.
  9345 | D:8      | Reached XP level 10. HP: 62/88 MP: 3/9
  9353 | D:8      | Reached ** piety under Okawaru
  9815 | D:8      | Reached skill level 15 in Ranged Weapons
 10381 | D:9      | Noticed Harold
 10401 | D:9      | Reached *** piety under Okawaru
 10424 | D:9      | Reached skill level 16 in Ranged Weapons
 10424 | D:9      | Reached skill level 1 in Invocations
 10594 | D:9      | Killed Harold
 10594 | D:9      | Reached **** piety under Okawaru
 10631 | D:9      | Reached skill level 5 in Invocations
 10901 | D:9      | Found a sparkling altar of Nemelex Xobeh.
 11676 | D:10     | Entered Level 10 of the Dungeon
 11980 | D:10     | Noticed a two-headed ogre
 11993 | D:10     | Demolished by a two-headed ogre

Illustrated notes

Levels and vault maps discovered:
D:1:      nicolae_arrival_memento_mori, layout_rooms,
          hellmonk_ecumenical_altar_run_dry, serial_bayou, serial_bayou_shore_a,
          serial_bayou_pond_e, serial_bayou_crossing, serial_bayou_pond_e,
          minmay_door_square
D:2:      kennysheep_big_flooded_room, layout_basic, interstate_on_off,
          minmay_misc_feat_pillars
D:3:      layout_basic, elyvilon_altar_1, minmay_bisected
D:4:      layout_cave_pods, lemuel_tele_altar
D:5:      layout_layer_cave, mainiacjoe_overflow_big_doors,
          gammafunk_ghost_mausoleum, serial_shops, shop, shop, shop
D:6:      layout_layer_cave, temple_doors_cd, st_stairs_3, minmay_bent
D:7:      layout_basic, gammafunk_temple_of_torment, grunt_dithmenos_smoke,
          amcnicky_altar_gilded, serial_shops, nicolae_diamond_shop,
          hangedman_decor_slide_cut
D:8:      layout_basic
D:9:      layout_layer_cave, nemelex_xobeh_ov_fountains_minmay,
          kennysheep_path_1, uniq_harold
D:10:     layout_cave_pods, nicolae_overflow_squiral, special_room
          [special_room_orc], grunt_decor_cap, corexii_corridor_pit
Temple:   minmay_freezing_vapour_temple

Skill      XL: |  1  2  3  4  5  6  7  8  9 10 |
---------------+-------------------------------+-----
Fighting       | 3 4 5 6 8 |  8.0
Ranged Weapons | 5 6 7 8 11 14 16 | 16.0
Invocations    | 6 |  6.1
Dodging        | |  2.1
Stealth        | |  0.7

Action                   |  1- 3 |  4- 6 |  7- 9 | 10-12 || total
-------------------------+-------+-------+-------+-------++-------
 Fire: Shortbow          |    99 |   203 |   413 |   253 ||   968
  Use: Potion            |     1 |     7 |     2 |     1 ||    11
       Scroll            |       |       |     9 |     2 ||    11
Armor: Leather armour    |    22 |    21 |     7 |       ||    50
       Skin              |       |    17 |       |       ||    17
       Scale mail        |       |       |    31 |       ||    31
       Troll leather arm |       |       |    39 |    32 ||    71
Dodge: Dodged            |    38 |    57 |   143 |   100 ||   338
